 Dungeon Crawl Stone Soup version 0.20.1-1-g8b1a95d (webtiles) character file.

338 dohliylev the Covert (level 6, 0/44 HPs)
             Began as a Vampire Assassin on July 8, 2017.
             Slain by a worker ant (1 damage)
             ... on level 4 of the Dungeon.
             The game lasted 00:12:13 (3330 turns).

dohliylev the Covert (Vampire Assassin)             Turns: 3330, Time: 00:12:13

Health: 0/44       AC:  3    Str: 10    XL:     6   Next: 29%
Magic:  6/6        EV: 19    Int: 14    God:
Gold:   122        SH:  0    Dex: 17    Spells: 5/5 levels left

rFire    . . .     SeeInvis +   a - +2 dagger
rCold    . . .     Gourm    .   (no shield)
rNeg     + . .     Faith    .   c - +0 robe
rPois    .         Spirit   .   (no helmet)
rElec    .         Reflect  .   d - +0 cloak
rCorr    .         Harm     .   (no gloves)
MR       .....                  (no boots)
Stlth    ++++......             (no amulet)
Regen    0.2/turn               k - +6 ring of evasion
MPRegen  0.1/turn               (no ring)

@: lethally poisoned (0 -> -5)
A: fangs 3, see invisible, unbreathing
a: Bat Form


You were on level 4 of the Dungeon.
You were not thirsty.

You visited 1 branch of the dungeon, and saw 4 of its levels.

You collected 122 gold pieces.

Inventory:

Hand Weapons
 a - a +2 dagger (weapon)
 b - a +0 blowgun
Missiles
 f - a curare-tipped needle
Armour
 c - a +0 robe (worn)
 d - a +0 cloak (worn)
 l - a +0 buckler
Jewellery
 k - a +6 ring of evasion (left hand)
Scrolls
 e - a scroll of enchant armour {unknown}
 h - a scroll of amnesia {unknown}
 i - 2 scrolls of teleportation {unknown}
 m - a scroll of identify {unknown}
Potions
 g - 13 potions of blood
 j - a potion of cancellation {unknown}
 n - 2 potions of curing {unknown}
 p - a potion of flight {unknown}
Books
 o - a book of Misfortune

   Spells                             Type                      Level
   a - Confusing Touch                Hexes                        1
   b - Confuse                        Hexes                        3
   c - Gell's Gravitas                Translocation                3
   d - Petrify                        Transmutation/Earth          4
   e - Metabolic Englaciation         Hexes/Ice                    5
   f - Yara's Violent Unravelling     Hexes/Transmutation          5
 q - a book of Geomancy

   Spells                             Type                      Level
   a - Sandblast                      Earth                        1
   b - Passwall                       Transmutation/Earth          2
   c - Stone Arrow                    Conjuration/Earth            3
   d - Petrify                        Transmutation/Earth          4
   e - Lee's Rapid Deconstruction     Earth                        5


   Skills:
 + Level 2.0 Fighting
 + Level 4.5 Short Blades
 + Level 2.4 Throwing
 + Level 2.4 Dodging
 + Level 8.6 Stealth


You had 5 spell levels left.
You didn't know any spells.

Dungeon Overview and Level Annotations

Branches:
Dungeon (4/15)
 Temple: D:4-7

Altars:
Gozag
Zin


Innate Abilities, Weirdness & Mutations

You have razor-sharp teeth.
You have supernaturally acute eyesight. (SInv)
You can survive without breathing.


Message History

* * * LOW HITPOINT WARNING * * *
You barely miss the worker ant.
The worker ant is severely wounded.
The worker ant barely misses you.
* * * LOW HITPOINT WARNING * * *
You feel sick.
* * * LOW HITPOINT WARNING * * *
You feel sick.
* * * LOW HITPOINT WARNING * * *
You feel sick. The worker ant misses you.
* * * LOW HITPOINT WARNING * * *
You feel sick.
* * * LOW HITPOINT WARNING * * *
You feel sick.
An orc comes into view. It is wielding a dagger.
* * * LOW HITPOINT WARNING * * *
You feel sick.
* * * LOW HITPOINT WARNING * * *
You feel sick. The worker ant misses you. The worker ant bites you.
You die...

..#####...#...^..........
.## ##.##..............
.# .#............... .#
[#..###.#...#.### .# .#
#.#........ .## ##.##
#.#...#.#.# ..#####...##
#.#....## #.......#..#
#.#...##
..#####...#####.@a.##
.### ##.##....##...# .#.#
#.#...#.#####.# ...#
#..###..# ..# ...#
#.......[# #.. ####
#....#..... .##
#.#......... #
#........##. ###......#
..


You could see a worker ant.

Vanquished Creatures
  An ogre (D:4)
  A bullfrog skeleton (D:4)
  Natasha (thrice) (D:2)
  A worker ant (D:4)
  5 adders
  2 oozes
  A worm (D:4)
  3 dart slugs
  2 leopard geckos (D:1)
  4 orcs (D:3)
  2 ball pythons
  4 bats
  4 giant cockroaches
  6 hobgoblins
  3 jackals (D:1)
  2 quokkas
  3 frilled lizards
  7 goblins
  7 kobolds
  8 rats
  A plant (D:1)
70 creatures vanquished.

Notes
Turn   | Place    | Note
-------+----------+-------------------------------------------
     0 | D:1      | dohliylev the Vampire Assassin began the quest for the Orb.
     0 | D:1      | Reached XP level 1. HP: 16/16 MP: 1/1
    45 | D:1      | Reached skill level 6 in Stealth
   277 | D:1      | Reached XP level 2. HP: 13/22 MP: 2/2
   628 | D:1      | Reached skill level 7 in Stealth
   716 | D:1      | Reached XP level 3. HP: 20/27 MP: 3/3
  1672 | D:2      | Found a glowing silver altar of Zin.
  1677 | D:2      | Noticed Natasha
  1679 | D:2      | Killed Natasha
  1679 | D:2      | Reached XP level 4. HP: 33/33 MP: 4/4
  1782 | D:2      | Noticed Natasha
  1798 | D:2      | Killed Natasha
  2085 | D:2      | Noticed Natasha
  2097 | D:2      | Killed Natasha
  2097 | D:2      | Reached skill level 8 in Stealth
  2097 | D:2      | Reached XP level 5. HP: 25/38 MP: 5/5
  2554 | D:3      | Found an opulent altar of Gozag.
  3137 | D:4      | Noticed an ogre
  3148 | D:4      | Killed an ogre
  3165 | D:4      | Reached XP level 6. HP: 44/44 MP: 6/6
  3327 | D:4      | HP: 2/44 [poisoned by a worker ant]
  3330 | D:4      | Slain by a worker ant

Skill      XL: |  1  2  3  4  5 |
---------------+----------------+-----
Stealth        | 6 7 8 |  8.6
Short Blades   | 3 4 |  4.5
Fighting       | 2 |  2.0
Dodging        | 2 |  2.4
Throwing       | 2 |  2.4

Action                   |  1- 3 |  4- 6 || total
-------------------------+-------+-------++-------
Melee: Dagger            |   222 |   126 ||   348
       Bite              |    21 |    10 ||    31
 Fire: Blowgun           |     6 |    17 ||    23
 Abil: End Transformatio |       |     1 ||     1
       Bat Form          |       |     1 ||     1
  Use: Potion            |       |     1 ||     1
 Stab: Sleeping          |     9 |    15 ||    24
  Eat: Corpse            |     5 |     2 ||     7
Armor: Robe              |    16 |     6 ||    22
Dodge: Dodged            |    43 |    77 ||   120
